 Dungeon Crawl Stone Soup version 0.30-a0-358-g0d69a1922f (webtiles) character file.

Game seed: 10837062591737788903

70 RascalDebosk the Magician (level 4, -3/31 HPs)
             Began as a Djinni Earth Elementalist on Nov 8, 2022.
             Slain by a goblin
             ... wielding a +0 club
             ... led by Robin
              (6 damage)
             ... on level 2 of the Dungeon.
             The game lasted 00:14:33 (1470 turns).

RascalDebosk the Magician (DjEE)                    Turns: 1470, Time: 00:14:33

Health: -3/31      AC:  2    Str:  7    XL:     4   Next: 45%
Gold:   92         EV: 12    Int: 18    God:
                   SH:  0    Dex: 14

rFire   + + .      SeeInvis .    l - +4 mace (holy)
rCold   x . .      Faith    .    (no shield)
rNeg    . . .      Spirit   .    a - +0 robe
rPois   ∞          Reflect  .    (no helmet)
rElec   .          Harm     .    (no cloak)
rCorr   .          Rampage  .    (no gloves)
Will    .....                    (boots unavailable)
Stlth   ++........               (no amulet)
HPRegen 0.25/turn                (no ring)
MPRegen 0.00/turn                (no ring)

@: flying
A: sickness immunity, fire resistance 2, cold vulnerability 1, float, innate
caster, HP casting, extra vitality 1
a: no special abilities


You were on level 2 of the Dungeon.
You visited 1 branch of the dungeon, and saw 3 of its levels.

You collected 92 gold pieces.

Inventory:

Hand Weapons
 b - a +0 falchion
 l - a +4 mace of holy wrath (weapon)
Armour
 a - a +0 robe (worn)
Scrolls
 d - 3 scrolls of identify {unknown}
 e - a scroll of noise {unknown}
 h - a scroll of fear {unknown}
 i - a scroll of vulnerability {unknown}
 j - a scroll of amnesia {unknown}
Potions
 c - a potion of heal wounds {unknown}
 f - a potion of resistance {unknown}
 g - 4 potions of lignification {unknown}
 k - 2 potions of might {unknown}


   Skills:
 - Level 2.1 Dodging
 - Level 1.5 Stealth
 * Level 3.8 Spellcasting


You couldn't memorise any spells.
You knew the following spells:

 Your Spells              Type           Power      Damage    Failure   Level
a - Sandblast             Erth           34%        2d9       3%          1
b - Passwall              Tmut/Erth      14%        N/A       4%          2
c - Stone Arrow           Conj/Erth      34%        3d9       9%          3
d - Petrify               Tmut/Erth      17%        N/A       30%         4
e - Summon Small Mammal   Summ           68%        N/A       3%          1
Your spell library was empty.

Dungeon Overview and Level Annotations

Branches:
Dungeon (3/15)

Altars:
Ru


Innate Abilities, Weirdness & Mutations

You are immune to sickness and miasma.
You are immune to poison.
Your flesh is very heat resistant. (rF++)
You are vulnerable to cold. (rC-)
You float through the air rather than walking.
You learn spells naturally, not from books.
Your magical power is your life essence.
You have superior vitality. (+4 MHP)


Message History

There is a sacrificial altar of Ru here.
Found a flail.
A quokka comes into view.
Aiming: Sandblast (safe; 3% risk of failure)
Press: ? - help, Q - select action, (/) - cycle Shift-Dir - straight line, f - quokka
Aim: a quokka (wandering, hasn't noticed you, 75% to hit)
The blast of sand hits the quokka.
The quokka is severely wounded.
Aiming: Sandblast (safe; 3% risk of failure)
Press: ? - help, Q - select action, (/) - cycle Shift-Dir - straight line, f/p - quokka
Aim: a quokka (severely wounded, 75% to hit)
The blast of sand hits the quokka!
You kill the quokka!
HP restored.
You see here a quokka corpse.
Found a falchion. 2 goblins come into view.
The goblin shouts!
You hear a shout! x2
A goblin comes into view. It is wielding a +0 club.
A goblin comes into view. It is wielding a +0 dagger.
Robin of the Strong Arm comes into view.
They are wielding a +0 whip.
A hobgoblin comes into view. 2 goblins come into view.
The goblin shouts! x3; You hear a shout!
Robin throws the goblin at you!
The goblin moves out of view.
The goblin shouts!
Robin roars a battlecry!
The goblins go into a battle-frenzy!
A goblin comes into view. It is wielding a +0 club.
Robin roars a battlecry!
The goblin hits you but does no damage. The goblin attacks as you move away!
The goblin barely misses you.
There is a stone staircase leading up here.
Aiming: Sandblast (safe; 3% risk of failure)
Press: ? - help, Q - select action, (/) - cycle Shift-Dir - straight line, f - goblin
Aim: a goblin, wielding a +0 dagger (strong, 77% to hit)
The blast of sand hits the goblin.
You kill the goblin!
The goblin closely misses you.
Aiming: Sandblast (safe; 3% risk of failure)
Press: ? - help, Q - select action, (/) - cycle Shift-Dir - straight line, f - goblin
Aim: a goblin, wielding a +0 dagger (strong, 77% to hit)
The blast of sand hits the goblin!
You kill the goblin!
The goblin hits you but does no damage.
Aiming: Sandblast (safe; 3% risk of failure)
Press: ? - help, Q - select action, (/) - cycle Shift-Dir - straight line, f - goblin
Aim: a goblin, wielding a +0 dagger (strong, 77% to hit)
The blast of sand misses the goblin.
The goblin closely misses you. The goblin completely misses you.
A goblin comes into view. It is wielding a +0 club.
The goblin barely misses you. The goblin hits you with a +0 club.
The goblin hits you but does no damage. The goblin closely misses you.
Aiming: Sandblast (safe; 3% risk of failure)
Press: ? - help, Q - select action, (/) - cycle Shift-Dir - straight line, f/p - goblin
Aim: a goblin, wielding a +0 dagger (strong, 77% to hit)
The blast of sand hits the goblin!
You kill the goblin!
The goblin no longer looks unusually strong.
A goblin comes into view. It is wielding a +0 dagger.
The goblin barely misses you. The goblin hits you with a +0 club. x2
Aiming: Sandblast (safe; 3% risk of failure)
Press: ? - help, Q - select action, (/) - cycle Shift-Dir - straight line, f - goblin
Aim: a goblin, wielding a +0 club (77% to hit)
The blast of sand hits the goblin.
You kill the goblin!
The hobgoblin shouts!
The goblin shouts!
The goblin no longer looks unusually strong. x2
The goblin barely misses you. The goblin closely misses you.
Robin barely misses you. The goblin hits you but does no damage.
The goblin hits you with a +0 club.
* * * LOW HITPOINT WARNING * * *
The goblin closely misses you. The goblin hits you but does no damage.
Robin hits you with a +0 whip.
* * * LOW HITPOINT WARNING * * *
The goblin no longer looks unusually strong.
The goblin hits you but does no damage. The goblin misses you.
The goblin hits you with a +0 club.
* * * LOW HITPOINT WARNING * * *
Robin throws the goblin at you!
You fly upwards.
There is a stone staircase leading down here.
Aiming: Sandblast (safe; 3% risk of failure)
Press: ? - help, Q - select action, (/) - cycle Shift-Dir - straight line, f - Robin
Aim: Robin, wielding a +0 whip, wearing a +0 animal skin and wearing a +0 helmet (87% to hit)
The blast of sand hits Robin!
Robin is heavily wounded.
* * * LOW HITPOINT WARNING * * *
Robin throws the goblin at you! The goblin barely misses you. x2
The goblin closely misses you.
Aiming: Sandblast (safe; 3% risk of failure)
Press: ? - help, Q - select action, (/) - cycle Shift-Dir - straight line, f/p - Robin
Aim: Robin, wielding a +0 whip, wearing a +0 animal skin and wearing a +0 helmet (heavily wounded, 87% to hit)
The blast of sand hits Robin!
You kill Robin!
* * * LOW HITPOINT WARNING * * *
The goblin hits you with a +0 club.
* * * LOW HITPOINT WARNING * * *
The goblin hits you with a +0 club.
You die...

##.######## #....)#
..........#######.....#
.#.######...(.........#
.#.##############.....#
..............#.......#
#..##########.......###
...###...####.......#
................g...#
.........####..)@g#.#
.........# #..#g##.#
...####÷.# #..#.##.# ...#
##..####..#.##.# ...#
#...(...†...##.######
...###...####..####......#
(..............# ######.#
##..##.#####.#.# #.#
#..##.#####.#.# ##.##


You could see 3 goblins.

Vanquished Creatures
  Robin (D:2)
  An adder (D:2)
  2 dart slugs
  5 endoplasms
  A giant cockroach (D:1)
  11 goblins
  7 hobgoblins
  4 jackals
  2 quokkas
  6 ball pythons
  2 bats
  2 frilled lizards (D:2)
  3 kobolds
  3 rats
50 creatures vanquished.

Notes
Turn   | Place    | Note
-------+----------+-------------------------------------------
     0 | D:1      | RascalDebosk the Djinni Earth Elementalist began the quest
                  | for the Orb.
     0 | D:1      | RascalDebosk set off with the following spells memorised:
                  | Sandblast, Passwall, Stone Arrow, Petrify.
     0 | D:1      | Reached XP level 1. HP: 15/15 MP: 0/0
   102 | D:1      | Reached XP level 2. HP: 17/21 MP: 0/0
   121 | D:1      | Found a faded altar of an unknown god.
   343 | D:1      | Reached skill level 3 in Spellcasting
   393 | D:1      | Reached XP level 3. HP: 24/25 MP: 0/0
   393 | D:1      | Learned a level 1 spell: Summon Small Mammal
  1072 | D:2      | Reached XP level 4. HP: 29/31 MP: 0/0
  1408 | D:3      | Found a sacrificial altar of Ru.
  1450 | D:3      | Noticed Robin
  1470 | D:2      | Killed Robin
  1470 | D:2      | Slain by a goblin

Illustrated notes

Levels and vault maps discovered:
D:1:      dpeg_arrival_water_temple_mockup, layout_loops_ring,
          shapermc_ecumenical_altar_venn
D:2:      layout_loops_ring
D:3:      layout_rooms, mainiacjoe_overflow_paths,
          nicolae_overflow_crystal_walls, uniq_robin, uniq_crazy_yiuf_cottage

Skill      XL: |  1  2 |
---------------+-------+-----
Spellcasting   | 3 |  3.8
Dodging        | |  2.1
Stealth        | |  1.5

Action                   |  1- 3 |  4- 6 || total
-------------------------+-------+-------++-------
Melee: Falchion          |     2 |       ||     2
 Cast: Sandblast         |    50 |    18 ||    68
Armor: Robe              |     8 |     6 ||    14
Dodge: Dodged            |    11 |    16 ||    27

Table legend: (Time is in decaauts)
 A = Elapsed time spent in this place.
 B = Non-inter-level travel time spent in this place.
 C = Inter-level travel time spent in this place.
 D = Time resting spent in this place.
 E = Time spent auto-exploring this place.
 F = Levels seen in this place.
 G = Mean time per level.
                   A        B        C        D        E       F      G
               +--------+--------+--------+--------+--------+-----+--------+
         Total |   1503 |   1474 |     29 |      5 |   1036 |   3 |  501.0 |
       Dungeon |   1503 |   1474 |     29 |      5 |   1036 |   3 |  501.0 |
               +--------+--------+--------+--------+--------+-----+--------+

Top non-repeatable levels by time:
     D:1: 736 daAuts
     D:2: 684 daAuts
     D:3: 82 daAuts
